 Dungeon Crawl Stone Soup version 0.30-a0-626-gd6a5dd7a1f (webtiles) character file.

Game seed: 7825298144106927346

93 NinjaNoafa the Covert (level 4, -10/34 HPs)
             Began as a Gnoll Wanderer on Jan 11, 2023.
             Mangled by an iguana (17 damage)
             ... on level 3 of the Dungeon.
             The game lasted 00:08:01 (1905 turns).

NinjaNoafa the Covert (Gnoll Wanderer)              Turns: 1905, Time: 00:08:01

Health: -10/34     AC:  3    Str: 12    XL:     4   Next: 62%
Magic:  8/8        EV: 11    Int: 10    God:
Gold:   72         SH:  0    Dex: 14    Spells: 9/9 levels left

rFire   . . .      SeeInvis .    a - +0 dagger (speed)
rCold   . . .      Faith    .    (no shield)
rNeg    . . .      Spirit   .    f - +0 leather armour
rPois   .          Reflect  .    (no helmet)
rElec   .          Harm     .    (no cloak)
rCorr   .          Rampage  .    (no gloves)
Will    .....                    (no boots)
Stlth   ++++                     (no amulet)
HPRegen 0.25/turn                (no ring)
MPRegen 0.11/turn                (no ring)

@: no status effects
A: fangs 1, strong nose, distributed training
a: no special abilities


You were on level 3 of the Dungeon.
You visited 1 branch of the dungeon, and saw 3 of its levels.

You collected 72 gold pieces.

Inventory:

Hand Weapons
 a - a +0 dagger of speed (weapon)
Missiles
 b - an atropa-tipped dart
 c - a datura-tipped dart (quivered)
Armour
 f - a +0 leather armour (worn)
Scrolls
 e - 4 scrolls of teleportation
 h - a scroll of identify {unknown}
 j - a scroll of blinking {unknown}
 k - a scroll of enchant weapon {unknown}
 n - a scroll of amnesia {unknown}
Potions
 d - a potion of curing
 g - a potion of mutation {unknown}
 i - a potion of degeneration {unknown}
 l - a potion of flight {unknown}
 m - a potion of might {unknown}


   Skills:
 + Level 2.8 Fighting
 + Level 1.2 Short Blades
 + Level 1.2 Long Blades
 + Level 1.2 Axes
 + Level 1.2 Maces & Flails
 + Level 1.2 Polearms
 + Level 1.2 Staves
 + Level 1.2 Ranged Weapons
 + Level 1.2 Throwing
 + Level 2.8 Armour
 + Level 1.2 Dodging
 + Level 9.6 Stealth
 + Level 1.2 Shields
 + Level 4.7 Unarmed Combat
 + Level 3.0 Spellcasting
 + Level 1.0 Conjurations
 + Level 1.0 Hexes
 + Level 1.0 Summonings
 + Level 1.0 Necromancy
 + Level 1.0 Translocations
 + Level 1.0 Transmutations
 + Level 1.0 Fire Magic
 + Level 1.0 Ice Magic
 + Level 1.0 Air Magic
 + Level 1.0 Earth Magic
 + Level 1.0 Poison Magic
 + Level 1.3 Invocations
 + Level 1.2 Evocations


You had 9 spell levels left.
You didn't know any spells.
Your spell library contained the following spells:

 Spells                   Type           Power      Damage    Failure   Level
 Magic Dart               Conj           12%        1d3       24%         1
 Shock                    Conj/Air       12%        1d3       24%         1
 Sting                    Tmut/Pois      12%        1d3       24%         1
 Call Imp                 Summ           3%         N/A       34%         2
 Poisonous Vapours        Pois/Air       6%         N/A       34%         2
 Mephitic Cloud           Conj/Pois/Air  3%         N/A       56%         3
 Swiftness                Air            3%         N/A       56%         3
 Airstrike                Air            1%         2d(1-17)  93%         4
 Olgreb's Toxic Radiance  Pois           3%         N/A       93%         4


Dungeon Overview and Level Annotations

Branches:
Dungeon (3/15)

Altars:

Shops:
D:2 ([=[*


Innate Abilities, Weirdness & Mutations

You have very sharp teeth.
Your uncanny sense of smell can sniff out nearby items.
Your experience applies equally to all skills.


Message History

You escape the ball python's grasp.
The endoplasm attacks as you move away! The endoplasm closely misses you.
The ball python misses you. The ball python closely misses you.
The ball python attacks as you move away!
The ball python bites you but does no damage.
The iguana attacks as you move away! The iguana bites you!
You hit the iguana but do no damage. Your bite misses the iguana.
The iguana bites you but does no damage.
The endoplasm hits you. The endoplasm attacks as you move away!
The endoplasm misses you.
You barely miss the iguana. Your bite misses the iguana.
You hit the iguana but do no damage. Your punch misses the iguana.
The iguana misses you.
The endoplasm jiggles.
You barely miss the iguana. You hit the iguana but do no damage.
The iguana bites you but does no damage.
You hit the iguana.
The iguana is lightly wounded.
The iguana bites you!
You hit the iguana but do no damage.
The iguana is lightly wounded.
The iguana bites you.
You hit the iguana. You punch the iguana, but do no damage.
The iguana is lightly wounded.
The iguana bites you.
* * * LOW HITPOINT WARNING * * *
You barely miss the iguana. You bite the iguana, but do no damage.
The iguana is lightly wounded.
Throw: 2 darts (datura)
Press: ? - help, Q - select action, (/) - cycle Shift-Dir - straight line, f - iguana
Aim: an iguana (lightly wounded, 63% to hit, chance to frenzy on hit: 91%)
You throw a datura-tipped dart. The datura-tipped dart hits the iguana.
The iguana flies into a frenzy!
The iguana is lightly wounded.
The iguana bites you but does no damage.
The endoplasm hits the iguana.
The iguana attacks as you move away! The iguana bites you!
Ouch! That really hurt!
You die...

####...#### # .
..........# ##.. .
..........######...# .
................... .
..........$........ .
..............#### #
##.####...##...# .
....###.###....# ∆
.......SJl@....##
....#.(#####....# ##
#............#
##########...# ###
#...#############
##...#####.####.....#...##
...........####..#.##.####
..........................
.......#.........#######..


You could see an endoplasm, a ball python and a neutral iguana (fast, strong,
insane, distracted).

Vanquished Creatures
  3 adders (D:2)
  An orc (D:2)
  5 bats
  6 endoplasms
  6 giant cockroaches
  5 goblins
  3 hobgoblins
  4 jackals (D:1)
  9 kobolds
  4 quokkas
  4 ball pythons
  4 frilled lizards
  5 rats
59 creatures vanquished.

Notes
Turn   | Place    | Note
-------+----------+-------------------------------------------
     0 | D:1      | Reached skill level 9 in Stealth
     0 | D:1      | NinjaNoafa the Gnoll Wanderer began the quest for the Orb.
     0 | D:1      | NinjaNoafa set off with the following items: a +0 dagger,
                  | an atropa-tipped dart, 2 datura-tipped darts, 2 potions of
                  | curing, a scroll of teleportation, a +0 leather armour.
     0 | D:1      | Reached XP level 1. HP: 17/17 MP: 4/4
   166 | D:1      | Reached XP level 2. HP: 23/23 MP: 5/5
   405 | D:1      | Reached XP level 3. HP: 26/28 MP: 7/7
   758 | D:2      | Found Yluownez's Assorted Antiques.
   761 | D:2      | Reached skill level 1 in Invocations
   859 | D:2      | Reached skill level 1 in Short Blades
   859 | D:2      | Reached skill level 1 in Long Blades
   859 | D:2      | Reached skill level 1 in Axes
   859 | D:2      | Reached skill level 1 in Maces & Flails
   859 | D:2      | Reached skill level 1 in Polearms
   859 | D:2      | Reached skill level 1 in Staves
   859 | D:2      | Reached skill level 1 in Ranged Weapons
   859 | D:2      | Reached skill level 1 in Throwing
   859 | D:2      | Reached skill level 1 in Dodging
   859 | D:2      | Reached skill level 1 in Shields
   859 | D:2      | Reached skill level 1 in Evocations
   961 | D:2      | Reached XP level 4. HP: 34/34 MP: 8/8
  1118 | D:2      | Found Qynaigai's Weapon Shoppe.
  1284 | D:2      | Found Duskecege's Armour Shop.
  1312 | D:2      | Found Suenut's Jewellery Boutique.
  1477 | D:2      | Found Xics's Antique Armour Emporium.
  1595 | D:2      | Reached skill level 1 in Conjurations
  1595 | D:2      | Reached skill level 1 in Hexes
  1595 | D:2      | Reached skill level 1 in Summonings
  1595 | D:2      | Reached skill level 1 in Necromancy
  1595 | D:2      | Reached skill level 1 in Translocations
  1595 | D:2      | Reached skill level 1 in Transmutations
  1595 | D:2      | Reached skill level 1 in Fire Magic
  1595 | D:2      | Reached skill level 1 in Ice Magic
  1595 | D:2      | Reached skill level 1 in Air Magic
  1595 | D:2      | Reached skill level 1 in Earth Magic
  1595 | D:2      | Reached skill level 1 in Poison Magic
  1905 | D:3      | Mangled by an iguana

Illustrated notes

Levels and vault maps discovered:
D:1:      grunt_arrival_crossed_arrows, layout_loops_cross
D:2:      layout_rooms, serial_shops, nicolae_shop_bloodbath_and_beyond, shop,
          shop, shop_statue, nicolae_shop_hallway_plus,
          nicolae_underground_beach
D:3:      layout_rooms, gammafunk_ghost_smash

Skill      XL: |  1  2  3  4 |
---------------+-------------+-----
Stealth        | |  9.6
Invocations    | 1 |  1.3
Short Blades   | 1 |  1.2
Long Blades    | 1 |  1.2
Axes           | 1 |  1.2
Maces & Flails | 1 |  1.2
Polearms       | 1 |  1.2
Staves         | 1 |  1.2
Ranged Weapons | 1 |  1.2
Throwing       | 1 |  1.2
Dodging        | 1 |  1.2
Shields        | 1 |  1.2
Evocations     | 1 |  1.2
Spellcasting   | 3 |  3.0
Conjurations   | 1 |  1.0
Hexes          | 1 |  1.0
Summonings     | 1 |  1.0
Necromancy     | 1 |  1.0
Translocations | 1 |  1.0
Transmutations | 1 |  1.0
Fire Magic     | 1 |  1.0
Ice Magic      | 1 |  1.0
Air Magic      | 1 |  1.0
Earth Magic    | 1 |  1.0
Poison Magic   | 1 |  1.0
Fighting       | |  2.8
Armour         | |  2.8
Unarmed Combat | |  4.7

Action                   |  1- 3 |  4- 6 || total
-------------------------+-------+-------++-------
Melee: Unarmed           |    28 |    78 ||   106
       Bite              |    10 |     8 ||    18
       Dagger            |    82 |    16 ||    98
       Punch             |     3 |     1 ||     4
Throw: Dart              |     1 |     1 ||     2
  Use: Potion            |     1 |       ||     1
 Stab: Sleeping          |    18 |     3 ||    21
Armor: Leather armour    |    42 |    37 ||    79
Dodge: Dodged            |    74 |    61 ||   135

Table legend: (Time is in decaauts)
 A = Elapsed time spent in this place.
 B = Non-inter-level travel time spent in this place.
 C = Inter-level travel time spent in this place.
 D = Time resting spent in this place.
 E = Time spent auto-exploring this place.
 F = Levels seen in this place.
 G = Mean time per level.
                   A        B        C        D        E       F      G
               +--------+--------+--------+--------+--------+-----+--------+
         Total |   1878 |   1735 |    143 |    103 |   1090 |   3 |  626.0 |
       Dungeon |   1878 |   1735 |    143 |    103 |   1090 |   3 |  626.0 |
               +--------+--------+--------+--------+--------+-----+--------+

Top non-repeatable levels by time:
     D:2: 962 daAuts
     D:1: 753 daAuts
     D:3: 163 daAuts
